 Dungeon Crawl Stone Soup version 0.30-a0-459-g9104f0fc43 (webtiles) character file.

Game seed: 14245339719317971929

204 p00ps00p the Trooper (level 5, 0/47 HPs)
             Began as a Hill Orc Fighter on Dec 16, 2022.
             Slain by Pikel
             ... wielding a +1 whip of freezing
              (3 damage)
             ... on level 4 of the Dungeon.
             The game lasted 00:03:06 (2594 turns).

p00ps00p the Trooper (Hill Orc Fighter)             Turns: 2594, Time: 00:03:06

Health: 0/47       AC: 15    Str: 21    XL:     5   Next: 82%
Magic:  5/5        EV:  5    Int:  8    God:
Gold:   130        SH:  5    Dex: 16    Spells: 4/4 levels left

rFire   . . .      SeeInvis .    a - +0 war axe
rCold   . . .      Faith    .    c - +0 buckler
rNeg    . . .      Spirit   .    j - +1 plate armour
rPois   +          Reflect  .    (no helmet)
rElec   .          Harm     .    (no cloak)
rCorr   .          Rampage  .    f - +0 pair of gloves
Will    .....                    m - +0 pair of boots
Stlth   ..........               (no amulet)
HPRegen 0.27/turn                g - ring of poison resistance
MPRegen 0.09/turn                i - +6 ring of dexterity

@: about to teleport
A: no striking features
a: no special abilities


You were on level 4 of the Dungeon.
You visited 1 branch of the dungeon, and saw 4 of its levels.

You collected 130 gold pieces.

Inventory:

Hand Weapons
 a - a +0 war axe (weapon)
Armour
 c - a +0 buckler (worn)
 f - a +0 pair of gloves (worn)
 j - a +1 plate armour (worn)
 m - a +0 pair of boots (worn)
Jewellery
 g - a ring of poison resistance (left hand)
 i - a +6 ring of dexterity (right hand)
Wands
 k - a wand of quicksilver (7)
Scrolls
 p - 2 scrolls of teleportation
Potions
 b - a potion of curing
 d - a potion of might
 e - 3 potions of haste
 h - 2 potions of lignification
 o - a potion of flight {unknown}
 q - a potion of attraction {unknown}
 r - a potion of mutation {unknown}
 s - a potion of cancellation {unknown}


   Skills:
 + Level 4.8 Fighting
 + Level 4.4 Axes
 + Level 4.5 Armour
 + Level 4.5 Shields


You had 4 spell levels left.
You didn't know any spells.
Your spell library contained the following spells:

 Spells                   Type           Power      Damage    Failure   Level
 Sandblast                Erth           0%         2d4       100%        1
 Passwall                 Tmut/Erth      0%         N/A       100%        2
 Stone Arrow              Conj/Erth      0%         3d7       100%        3
 Summon Forest            Summ/Tloc      0%         N/A       100%        5
 Summon Mana Viper        Hex/Summ       0%         N/A       100%        5
 Summon Cactus Giant      Summ           0%         N/A       100%        6
 Malign Gateway           Summ/Tloc      0%         N/A       100%        7
 Summon Horrible Things   Summ           0%         N/A       100%        8


Dungeon Overview and Level Annotations

Branches:
Dungeon (4/15)
 Temple: D:4-7

Altars:

Annotations:
D:4 Pikel


Message History

Pikel hits you but does no damage. The lemure hits you but does no damage.
You hit the lemure.
The lemure is lightly wounded.
You closely miss Pikel. You hit the lemure. You completely miss the lemure.
You feel less confused. The lemure hits you. The lemure closely misses you.
The lemure hits you. Pikel hits you but does no damage.
You hit Pikel but do no damage.
Pikel is moderately wounded.
You hit the lemure but do no damage. You closely miss the lemure.
You hit the lemure but do no damage. The lemure hits you but does no damage.
You block the lemure's attack. The lemure hits you but does no damage.
Pikel hits you with a +1 whip of freezing.
Pikel freezes you.
Unknown command.
Aiming: Quicksilver Bolt
Press: ? - help, Q - select action Shift-Dir - straight line, f - Pikel
Aim: Pikel, wielding a +1 whip of freezing and wearing a +0 robe (moderately wounded, 64% to hit)
The bolt of dispelling energy misses Pikel.
The bolt of dispelling energy misses the lemure.
The lemure hits you.
* * * LOW HITPOINT WARNING * * *
The lemure hits you but does no damage. x2
Pikel waves his whip at you.
Pikel hits you with a +1 whip of freezing.
* * * LOW HITPOINT WARNING * * *
Pikel freezes you.
* * * LOW HITPOINT WARNING * * *
As you read the scroll of teleportation, it crumbles to dust.
You feel strangely unstable. You block the lemure's attack.
The lemure hits you but does no damage. x2; Pikel hits you but does no damage.
Unknown command.
You feel better. The lemure hits you.
* * * LOW HITPOINT WARNING * * *
The lemure hits you!
* * * LOW HITPOINT WARNING * * *
You block the lemure's attack. You block Pikel's attack.
Pikel attacks as you move away!
Pikel hits you with a +1 whip of freezing.
You die...

## # .## ###. ..
..?# ##. ...# #.#
#..#####.#
#..##...##
##@5..#.<#####...
#5K5#####........
#..g5)# #........
.......##
#...##...
#....... #..## #
##...... #.##
#...... ..#
#....... ..#
>..... ...


You could see Pikel, 4 lemures and a hobgoblin.

Vanquished Creatures
  Natasha (thrice) (D:3)
  An orc wizard (D:4)
  3 adders (D:2)
  2 worms
  A dart slug (D:1)
  3 orcs (D:4)
  2 ball pythons
  7 bats
  3 endoplasms
  8 goblins
  2 hobgoblins
  13 jackals
  2 quokkas (D:1)
  6 frilled lizards
  3 kobolds
  8 rats
67 creatures vanquished.

Notes
Turn   | Place    | Note
-------+----------+-------------------------------------------
     0 | D:1      | p00ps00p the Hill Orc Fighter began the quest for the Orb.
     0 | D:1      | Reached XP level 1. HP: 19/19 MP: 1/1
   155 | D:1      | Reached XP level 2. HP: 27/27 MP: 2/2
   521 | D:1      | Reached XP level 3. HP: 33/33 MP: 3/3
  1080 | D:2      | Reached XP level 4. HP: 29/40 MP: 4/4
  1814 | D:3      | Noticed Natasha
  1835 | D:3      | Killed Natasha
  1898 | D:3      | Found a faded altar of an unknown god.
  1942 | D:3      | Reached XP level 5. HP: 47/47 MP: 5/5
  2011 | D:3      | Noticed Natasha
  2017 | D:3      | Killed Natasha
  2261 | D:3      | Noticed Natasha
  2266 | D:3      | Killed Natasha
  2574 | D:4      | Noticed Pikel
  2576 | D:4      | Noticed a lemure
  2577 | D:4      | Noticed a lemure
  2579 | D:4      | Noticed a lemure
  2580 | D:4      | Noticed a lemure
  2594 | D:4      | Slain by Pikel

Illustrated notes

Levels and vault maps discovered:
D:1:      evilmike_arrival_crescent, layout_loops_cross
D:2:      layout_loops_ring
D:3:      layout_loops_ring, nicolae_ecumenical_pavilion, minmay_misc_feat_chi,
          chequers_serial_rivers_small_3, uniq_natasha
D:4:      layout_layer_cave, nicolae_sif_muna_condensation,
          mainiacjoe_overflow_paths, uniq_sigmund, uniq_pikel

Skill      XL: |  1  2  3  4  5 |
---------------+----------------+-----
Axes           | 3 4 |  4.4
Fighting       | 4 |  4.8
Armour         | 4 |  4.5
Shields        | 4 |  4.5

Action                   |  1- 3 |  4- 6 || total
-------------------------+-------+-------++-------
Melee: War axe           |   112 |   102 ||   214
Evoke: Wand              |       |     1 ||     1
  Use: Scroll            |     2 |     7 ||     9
       Potion            |       |     1 ||     1
Armor: Scale mail        |    43 |       ||    43
       Plate armour      |    33 |   102 ||   135
Dodge: Dodged            |    37 |    34 ||    71
Block: Buckler           |    36 |    38 ||    74

Table legend: (Time is in decaauts)
 A = Elapsed time spent in this place.
 B = Non-inter-level travel time spent in this place.
 C = Inter-level travel time spent in this place.
 D = Time resting spent in this place.
 E = Time spent auto-exploring this place.
 F = Levels seen in this place.
 G = Mean time per level.
                   A        B        C        D        E       F      G
               +--------+--------+--------+--------+--------+-----+--------+
         Total |   2699 |   2601 |     98 |    100 |   1919 |   4 |  674.8 |
       Dungeon |   2699 |   2601 |     98 |    100 |   1919 |   4 |  674.8 |
               +--------+--------+--------+--------+--------+-----+--------+

Top non-repeatable levels by time:
     D:1: 940 daAuts
     D:2: 925 daAuts
     D:3: 801 daAuts
     D:4: 32 daAuts
